 Dungeon Crawl Stone Soup version 0.22-a0-469-gf26638a71f (webtiles) character file.

162 Anathary the Covered (level 5, -2/49 HPs)
             Began as a Deep Dwarf Fighter on June 13, 2018.
             Slain by an ogre
             ... wielding a +0 giant spiked club
              (11 damage)
             ... on level 4 of the Dungeon.
             The game lasted 00:08:49 (2033 turns).

Anathary the Covered (Deep Dwarf Fighter)           Turns: 2033, Time: 00:08:50

Health: -2/49      AC:  7    Str: 21    XL:     5   Next: 19%
Magic:  4/4        EV:  7    Int:  8    God:
Gold:   94         SH:  9    Dex: 12    Spells: 4/4 levels left

rFire    . . .     SeeInvis .   a - +0 war axe
rCold    . . .     Gourm    .   c - +0 shield
rNeg     . . .     Faith    .   b - +0 scale mail
rPois    .         Spirit   .   (no helmet)
rElec    .         Reflect  .   (no cloak)
rCorr    .         Harm     .   (no gloves)
MR       .....                  (no boots)
Stlth    ..........             (no amulet)
HPRegen  0.00/turn              (no ring)
MPRegen  0.09/turn              (no ring)

@: non-regenerating
A: damage resistance, heal wounds, sense surroundings 1, no regeneration
a: Heal Wounds


You were on level 4 of the Dungeon.
You were hungry.

You visited 1 branch of the dungeon, and saw 4 of its levels.

You collected 94 gold pieces.

Inventory:

Hand Weapons
 a - a +0 war axe (weapon)
 t - a +2 vampiric dagger
Armour
 b - a +0 scale mail (worn)
 c - a +0 shield (worn)
Jewellery
 e - a cursed -2 ring of slaying {unknown}
 p - a cursed ring of loudness {unknown}
 q - a +3 ring of evasion {unknown}
 r - an uncursed ring of magical power {unknown}
Scrolls
 h - a scroll of amnesia {unknown}
 j - a scroll of enchant armour {unknown}
 l - a scroll of noise {unknown}
 m - a scroll of teleportation {unknown}
 n - 2 scrolls of enchant weapon {unknown}
 s - a scroll of remove curse {unknown}
Potions
 d - a potion of might
 g - a potion of resistance {unknown}
 i - a potion of cancellation {unknown}
 k - 3 potions of heal wounds {unknown}
 o - a potion of ambrosia {unknown}
 u - 2 potions of flight {unknown}
 v - a potion of lignification {unknown}
Comestibles
 f - 5 rations


   Skills:
 + Level 3.2 Fighting
 + Level 4.1 Axes
 + Level 4.2 Armour
 + Level 0.3 Dodging
 + Level 4.1 Shields


You had 4 spell levels left.
You didn't know any spells.
Your spell library was empty.

Dungeon Overview and Level Annotations

Branches:
Dungeon (4/15)
 Temple: D:4-7

Altars:
Xom
The Shining One

Annotations:
D:4 ZlagarX's ghost, novice KoTm


Innate Abilities, Weirdness & Mutations

You are resistant to damage.
You can heal yourself by infusing magical energy.
You passively map a small area around you.
You do not regenerate.


Message History

Your shield prevents you from hitting ZlagarX's ghost.
You block ZlagarX's ghost's attack.
ZlagarX's ghost hits you but does no damage.
The ogre hits you with a giant spiked club!!
You block ZlagarX's ghost's attack.
You slash the ogre!
The ogre is moderately wounded.
You miss ZlagarX's ghost.
The ogre hits you with a giant spiked club!
You block ZlagarX's ghost's attack.
You completely miss the ogre.
The ogre is moderately wounded.
You miss ZlagarX's ghost. ZlagarX's ghost barely misses you.
The ogre hits you with a giant spiked club!
* * * LOW HITPOINT WARNING * * *
You hit the ogre.
The ogre is heavily wounded.
You miss ZlagarX's ghost. ZlagarX's ghost barely misses you.
The ogre hits you with a giant spiked club!
You die...

###.#...#.#...## .. ,,
.......<..'....#... , *
###.#.#.#.#........
###.###.#...#.### ,,
##### ##...##.#...# # ,
......##.....####.##.###
,
......#.......###.......
,
....(.OW.._.....#.###.##
, ,
.....#@......#.........
, , ....
##.....###.#####.# .
....##...## #.# *
.....##.### #.#
*+###...#.###.#* + ,
*#.............#
.......######.# , ,
....#..* #.# , **
#.#.#..* #.# ,


You could see an ogre and ZlagarX's ghost.

Vanquished Creatures
  A hound (D:4)
  3 gnolls (D:3)
  2 adders
  3 oozes
  4 worms
  3 dart slugs
  A leopard gecko (D:2)
  An orc (D:3)
  5 bats
  3 giant cockroaches
  5 goblins
  4 hobgoblins
  2 jackals (D:3)
  A quokka (D:2)
  2 frilled lizards
  9 kobolds
  9 rats
  4 toadstools (D:1)
62 creatures vanquished.

Notes
Turn   | Place    | Note
-------+----------+-------------------------------------------
     0 | D:1      | Anathary the Deep Dwarf Fighter began the quest for the Orb.
     0 | D:1      | Reached XP level 1. HP: 20/20 MP: 1/1
   136 | D:1      | Reached XP level 2. HP: 27/27 MP: 2/2
   569 | D:2      | Reached XP level 3. HP: 22/33 MP: 3/3
  1314 | D:3      | Reached XP level 4. HP: 35/42 MP: 4/4
  1717 | D:3      | Found a shimmering altar of Xom.
  1719 | D:3      | Found a shimmering altar of Xom.
  1765 | D:3      | Found a shimmering altar of Xom.
  1997 | D:4      | Reached XP level 5. HP: 48/49 MP: 4/4
  2008 | D:4      | Found a glowing golden altar of the Shining One.
  2020 | D:4      | Noticed ZlagarX's ghost (novice KoTm)
  2027 | D:4      | Noticed an ogre
  2033 | D:4      | Slain by an ogre

Vault maps used:
D:1:      ldierk_water_garden, minmay_liquid_box, minmay_misc_feat_rugged
D:3:      xom_redecorated, first_ration
D:4:      lemuel_round_altar

Skill      XL: |  1  2  3  4 |
---------------+-------------+-----
Axes           | 3 4 |  4.1
Fighting       | 3 |  3.2
Armour         | 4 |  4.2
Shields        | 4 |  4.1
Dodging        | |  0.3

Action                   |  1- 3 |  4- 6 || total
-------------------------+-------+-------++-------
Melee: War axe           |   104 |    85 ||   189
 Abil: Heal Wounds       |     1 |     1 ||     2
  Eat: Ration            |     1 |       ||     1
Armor: Scale mail        |    39 |    40 ||    79
Dodge: Dodged            |    22 |    20 ||    42
Block: Shield            |    55 |    36 ||    91

Table legend:
 A = Spawn XP
 B = Non-spawn XP
 C = Spawn XP percentage of total XP
 D = Spawn monster count
 E = Non-spawn monster count
 F = Spawn count percentage of total count
 G = Total turns spent on level
                    A         B        C        D         E        F      G
               +---------+---------+-------+---------+---------+-------+---------
         Total |       0 |     232 |   0.0 |       0 |      58 |   0.0 |  2033
               +---------+---------+-------+---------+---------+-------+---------
           D:1 |       0 |      24 |   0.0 |       0 |      11 |   0.0 |   396
           D:2 |       0 |      49 |   0.0 |       0 |      19 |   0.0 |   859
           D:3 |       0 |     116 |   0.0 |       0 |      27 |   0.0 |   738
           D:4 |       0 |      43 |   0.0 |       0 |       1 |   0.0 |    40
               +---------+---------+-------+---------+---------+-------+---------
